Toronto Maple Leafs vs Detroit Red Wings
Created - Thursday, October 24, 2024 at 08:06
Goals
|
| Toronto Maple Leafs |
1 |
1 |
0 |
2 |
| Detroit Red Wings |
2 |
2 |
1 |
5 |
|
Shots
|
| Toronto Maple Leafs |
26 |
6 |
8 |
40 |
| Detroit Red Wings |
11 |
17 |
9 |
37 |
|
1st period
1. Detroit Red Wings , Mika Zibanejad 23 (Carter Verhaeghe 29, Matthew Boldy 29) at 3:07 (PP)
2. Toronto Maple Leafs , Quinton Byfield 23 (Troy Terry 27, Scott Laughton 16) at 17:24
3. Detroit Red Wings , Matthew Boldy 21 (Carter Verhaeghe 30, Mika Zibanejad 34) at 19:21
Penalties :
Brady Tkachuk (TOR) for Delaying the game (Minor) at 2:43, Matthew Boldy (DET) for High sticking (Minor) at 13:17, Keegan Kolesar (DET) for Fighting (Major) at 19:17, Mario Ferraro (TOR) for Fighting (Major) at 19:17
2nd period
4. Toronto Maple Leafs , Tomas Hertl 16 (Troy Terry 28, Brady Tkachuk 26) at 5:43 (PP)
5. Detroit Red Wings , Matthew Boldy 22 (Carter Verhaeghe 31, Mika Zibanejad 35) at 14:38 (PP)
6. Detroit Red Wings , Steven Stamkos 28 (Shayne Gostisbehere 19, Jared McCann 24) at 18:45 (PP)
Penalties :
Jared McCann (DET) for Slashing (Minor) at 4:42, Zach Bogosian (DET) for Holding (Minor) at 6:41, Mario Ferraro (TOR) for Tripping (Minor) at 11:11, Nicolas Roy (TOR) for High sticking (Minor) at 14:30, Andrew Mangiapane (TOR) for Goalie Interference (Minor) at 18:38
3rd period
7. Detroit Red Wings , Matthew Boldy 23 (Mika Zibanejad 36) at 2:59
Penalties :
Matthew Boldy (DET) for Interference (Minor) at 8:15, Cody Ceci (TOR) for High sticking (Minor) at 12:56
Goalie Stats
Cam Talbot (TOR), 32 saves from 37 shots - (0.865), L, 20-9-4, 60:00 minutes
Calvin Pickard (DET), 38 saves from 40 shots - (0.950), W, 14-6-4, 60:00 minutes
Players Stats for Toronto Maple Leafs
Player Name G A P +/- PIM S H SB GA TA FO MP PP MP PK MP
------------------------------------------------------------------------------------
Aaron Ekblad 0 0 0 -1 0 1 2 1 0 0 0/0 21:32 3:30 1:14
Andrew Mangiapane 0 0 0 0 2 2 1 0 0 2 1/1 15:27 0:36 1:46
Brady Tkachuk 0 1 1 -1 2 7 1 0 0 1 0/3 17:05 3:43 0:37
Brandon Saad 0 0 0 0 0 3 0 0 0 1 0/0 10:49 2:39 0:00
Cody Ceci 0 0 0 -1 2 1 1 1 0 1 0/0 18:20 0:00 1:24
Dougie Hamilton 0 0 0 1 0 0 2 3 1 0 0/0 20:54 3:30 0:21
Mario Ferraro 0 0 0 -1 7 1 1 0 1 0 0/0 16:25 0:00 1:04
Nick Bjugstad 0 0 0 0 0 8 1 0 0 0 13/22 15:03 0:02 2:05
Nicolas Roy 0 0 0 -1 2 2 2 0 0 0 0/1 15:00 0:00 2:14
Nino Niederreiter 0 0 0 0 0 1 1 0 0 0 0/3 11:15 0:00 0:00
Quinton Byfield 1 0 1 0 0 4 1 2 0 1 0/1 18:15 3:13 0:27
Ryan Pulock 0 0 0 -1 0 0 1 0 0 0 0/0 20:49 3:28 2:30
Sam Bennett 0 0 0 0 0 1 2 1 0 0 0/0 9:45 0:02 0:00
Scott Laughton 0 1 1 0 0 2 2 2 1 0 2/7 10:13 0:00 2:05
Sean Walker 0 0 0 1 0 0 1 2 1 1 0/0 21:31 3:28 2:09
Tomas Hertl 1 0 1 -1 0 1 1 0 0 0 9/19 16:29 3:43 0:00
Troy Terry 0 2 2 0 0 4 0 0 0 0 2/3 18:05 3:43 0:00
Wyatt Johnston 0 0 0 0 0 2 2 0 0 0 5/17 18:20 3:13 0:32
Players Stats for Detroit Red Wings
Player Name G A P +/- PIM S H SB GA TA FO MP PP MP PK MP
------------------------------------------------------------------------------------
Brendan Gallagher 0 0 0 0 0 2 0 0 0 0 2/2 7:08 0:00 0:00
Carter Verhaeghe 0 3 3 2 0 2 0 0 2 0 2/2 16:42 2:15 0:00
Christian Fischer 0 0 0 0 0 1 1 0 0 0 0/0 11:24 0:00 0:00
Daniel Sprong 0 0 0 0 0 5 1 0 0 0 1/3 11:41 0:03 0:08
Jackson LaCombe 0 0 0 0 0 1 0 1 0 1 0/0 17:42 2:45 3:46
Jared McCann 0 1 1 -1 2 2 4 0 1 1 0/3 20:20 2:05 2:56
Keegan Kolesar 0 0 0 0 5 0 0 0 1 0 0/0 9:30 0:00 3:05
Kevin Shattenkirk 0 0 0 0 0 0 0 1 0 0 0/0 14:42 2:17 3:12
Kevin Stenlund 0 0 0 0 0 0 0 0 0 0 5/5 10:39 0:26 3:05
MacKenzie Weegar 0 0 0 1 0 1 1 3 0 0 0/0 27:58 2:10 3:46
Matthew Boldy 3 1 4 2 4 8 2 3 0 0 3/3 18:05 2:15 0:00
Mika Zibanejad 1 3 4 2 0 5 1 3 3 0 20/34 22:36 2:03 3:45
Patrick Kane 0 0 0 -1 0 2 1 0 0 0 0/3 15:21 2:22 0:00
Raphael Lavoie 0 0 0 0 0 0 2 1 0 1 4/9 12:06 0:00 0:00
Shayne Gostisbehere 0 1 1 2 0 2 0 0 0 0 0/0 24:12 1:52 3:12
Steven Stamkos 1 0 1 -1 0 4 3 0 0 0 8/13 16:24 2:22 0:57
Zach Bogosian 0 0 0 0 2 0 2 1 0 1 0/0 18:03 0:00 0:00
Zachary Werenski 0 0 0 -1 0 2 0 1 0 0 0/0 18:24 0:10 0:00
3 Stars
1 - Matthew Boldy (DET)
2 - Mika Zibanejad (DET)
3 - Carter Verhaeghe (DET)
Power Play
Toronto Maple Leafs - 1 on 4 Attempt(s) - 25.00%
Detroit Red Wings - 3 on 5 Attempt(s) - 60.00%
Penalty Kill
Toronto Maple Leafs - 2 on 5 Attempt(s) - 40.00%
- Score 0 goal in Penalty Kill
Detroit Red Wings - 3 on 4 Attempt(s) - 75.00%
- Score 0 goal in Penalty Kill
Team Stat
Toronto Maple Leafs - Hits : 22 - Faceoff Wins : 32 - Blocked Shots : 12 - Penalty Minutes : 15
Detroit Red Wings - Hits : 18 - Faceoff Wins : 45 - Blocked Shots : 14 - Penalty Minutes : 13
Official
Referees : Jake Brenk and Jon Mcisaac
Linesman : Unknown
Game Notes
Keegan Kolesar and Mario Ferraro fight to a draw at 19:17 of 1st period
Matthew Boldy has scored a Hat Trick!
Finance
Level 1 -- Attendance: 4719 (78.65%) -- Ticket Income $471,900
Level 2 -- Attendance: 3906 (78.12%) -- Ticket Income $234,360
Level 3 -- Attendance: 2335 (77.83%) -- Ticket Income $81,725
Level 4 -- Attendance: 3677 (73.54%) -- Ticket Income $91,925
Luxury Box -- Attendance: 840 (84.00%) -- Ticket Income $168,000
Game was played at the Joe Louis Arena.
Total Attendance: 15477 (77.39%)
Total Ticket Income: $1,047,910
Other Income: $366,768
Total Income: $1,414,678
Toronto Maple Leafs
5 vs 5 Forward
Center Left Wing Right Wing Time % Phy DF OF
1 Tomas Hertl Brady Tkachuk Nicolas Roy 30 1 2 2
2 Wyatt Johnston Quinton Byfield Troy Terry 30 1 2 2
3 Nick Bjugstad Nino Niederreiter Andrew Mangiapane 25 1 2 2
4 Scott Laughton Sam Bennett Brandon Saad 15 1 2 2
5 vs 5 Defense
Defense Defense Time % Phy DF OF
1 Aaron Ekblad Ryan Pulock 33 1 2 2
2 Mario Ferraro Cody Ceci 32 1 2 2
3 Sean Walker Dougie Hamilton 31 1 2 2
4 Mario Ferraro Cody Ceci 4 1 2 2
PowerPlay Forward
Center Left Wing Right Wing Time % Phy DF OF
1 Tomas Hertl Brady Tkachuk Troy Terry 50 1 2 2
2 Wyatt Johnston Quinton Byfield Brandon Saad 50 1 2 2
PowerPlay Defense
Defense Defense Time % Phy DF OF
1 Dougie Hamilton Aaron Ekblad 50 1 2 2
2 Ryan Pulock Sean Walker 50 1 2 2
Penalty Kill 4 Players Forward
Center Wing Time % Phy DF OF
1 Nick Bjugstad Nicolas Roy 50 1 2 2
2 Scott Laughton Andrew Mangiapane 50 1 2 2
Penalty Kill 4 Players Defense
Defense Defense Time % Phy DF OF
1 Aaron Ekblad Mario Ferraro 50 1 2 2
2 Cody Ceci Ryan Pulock 50 1 2 2
Penalty Kill - 3 Players Forward
Forward Time % Phy DF OF
1 Nick Bjugstad 50 1 2 2
2 Scott Laughton 50 1 2 2
Penalty Kill - 3 Players Defense
Defense Defense Time % Phy DF OF
1 Mario Ferraro Aaron Ekblad 50 1 2 2
2 Cody Ceci Ryan Pulock 50 1 2 2
4 vs 4 Forward
Center Wing Time % Phy DF OF
1 Scott Laughton Troy Terry 50 1 2 2
2 Wyatt Johnston Brady Tkachuk 50 1 2 2
4 vs 4 Defense
Defense Defense Time % Phy DF OF
1 Cody Ceci Mario Ferraro 50 1 2 2
2 Aaron Ekblad Ryan Pulock 50 1 2 2
Last Minutes Offensive
Center Left Wing Right Wing Defense Defense
Tomas Hertl Brady Tkachuk Nick Bjugstad Aaron Ekblad Dougie Hamilton
Last Minutes Defensive
Center Left Wing Right Wing Defense Defense
Tomas Hertl Scott Laughton Nick Bjugstad Aaron Ekblad Ryan Pulock
Goaltenders
Starting : Cam Talbot
Backup : Frederik Andersen
Extra Forwards
Normal : Scott Laughton, Brandon Saad, Andrew Mangiapane - PP : Andrew Mangiapane, Sam Bennett - PK : Andrew Mangiapane
Extra Defensemen
Normal : Sean Walker, Dougie Hamilton, Mario Ferraro - PP : Cody Ceci - PK : Sean Walker, Dougie Hamilton
Penalty Shots
Dougie Hamilton, Nick Bjugstad, Quinton Byfield, Troy Terry, Nicolas Roy
Scratches
Bowen Byram (Healthy), Kyle Okposo (Healthy), Warren Foegele (Healthy), Luke Schenn (Healthy), Pierre Engvall (Healthy)
Detroit Red Wings
5 vs 5 Forward
Center Left Wing Right Wing Time % Phy DF OF
1 Steven Stamkos Jared McCann Patrick Kane 35 1 2 2
2 Mika Zibanejad Carter Verhaeghe Matthew Boldy 35 1 2 2
3 Raphael Lavoie Daniel Sprong Christian Fischer 20 1 2 2
4 Kevin Stenlund Brendan Gallagher Keegan Kolesar 10 2 2 1
5 vs 5 Defense
Defense Defense Time % Phy DF OF
1 Zachary Werenski MacKenzie Weegar 40 1 2 2
2 Zach Bogosian Shayne Gostisbehere 30 1 2 2
3 Jackson LaCombe Kevin Shattenkirk 20 3 1 1
4 Shayne Gostisbehere MacKenzie Weegar 10 1 2 2
PowerPlay Forward
Center Left Wing Right Wing Time % Phy DF OF
1 Steven Stamkos Jared McCann Patrick Kane 50 1 2 2
2 Mika Zibanejad Carter Verhaeghe Matthew Boldy 50 1 2 2
PowerPlay Defense
Defense Defense Time % Phy DF OF
1 Jackson LaCombe MacKenzie Weegar 50 2 2 1
2 Shayne Gostisbehere Kevin Shattenkirk 50 2 2 1
Penalty Kill 4 Players Forward
Center Wing Time % Phy DF OF
1 Mika Zibanejad Jared McCann 50 2 2 1
2 Kevin Stenlund Keegan Kolesar 50 2 2 1
Penalty Kill 4 Players Defense
Defense Defense Time % Phy DF OF
1 Jackson LaCombe MacKenzie Weegar 50 2 2 1
2 Shayne Gostisbehere Kevin Shattenkirk 50 2 2 1
Penalty Kill - 3 Players Forward
Forward Time % Phy DF OF
1 Mika Zibanejad 50 1 2 2
2 Steven Stamkos 50 1 2 2
Penalty Kill - 3 Players Defense
Defense Defense Time % Phy DF OF
1 Jackson LaCombe MacKenzie Weegar 50 1 2 2
2 Shayne Gostisbehere Kevin Shattenkirk 50 2 2 1
4 vs 4 Forward
Center Wing Time % Phy DF OF
1 Mika Zibanejad Carter Verhaeghe 60 1 2 2
2 Steven Stamkos Matthew Boldy 40 1 1 3
4 vs 4 Defense
Defense Defense Time % Phy DF OF
1 Kevin Shattenkirk MacKenzie Weegar 60 1 2 2
2 Jackson LaCombe Shayne Gostisbehere 40 1 2 2
Last Minutes Offensive
Center Left Wing Right Wing Defense Defense
Mika Zibanejad Carter Verhaeghe Matthew Boldy Zachary Werenski MacKenzie Weegar
Last Minutes Defensive
Center Left Wing Right Wing Defense Defense
Mika Zibanejad Carter Verhaeghe Matthew Boldy Zachary Werenski MacKenzie Weegar
Goaltenders
Starting : Calvin Pickard
Backup : Vitek Vanecek
Extra Forwards
Normal : Raphael Lavoie, Christian Fischer, Daniel Sprong - PP : Kevin Stenlund, Daniel Sprong - PK : Steven Stamkos
Extra Defensemen
Normal : Kevin Shattenkirk, Shayne Gostisbehere, MacKenzie Weegar - PP : Kevin Shattenkirk - PK : Kevin Shattenkirk, Shayne Gostisbehere
Penalty Shots
Mika Zibanejad, Steven Stamkos, Matthew Boldy, Carter Verhaeghe, Jared McCann
Scratches
Alexander Barabanov (Healthy), Philippe Myers (Healthy), Laurent Brossoit (Back Injury)
% Time on Ice - Toronto Maple Leafs
Lines # - Real PCT - Wanted PCT - Time Play
Normal Forward
1 - 30% - 30% - 14:27
2 - 30% - 30% - 14:40
3 - 23% - 25% - 11:15
4 - 17% - 15% - 8:03
Normal Defense
1 - 35% - 33% - 16:48
2 - 32% - 32% - 15:27
3 - 30% - 31% - 14:34
4 - 3% - 4% - 1:36
PP Forward
1 - 54% - 50% - 3:45
2 - 46% - 50% - 3:13
PP Defense
1 - 50% - 50% - 3:30
2 - 50% - 50% - 3:28
PK Forward
1 - 55% - 50% - 2:32
2 - 45% - 50% - 2:05
PK Defense
1 - 38% - 50% - 1:46
2 - 62% - 50% - 2:51
PK3 Forward
1 - 0% - 50%
2 - 0% - 50%
PK3 Defense
1 - 0% - 50%
2 - 0% - 50%
44 Forward
1 - 0% - 50%
2 - 0% - 50%
44 Defense
1 - 0% - 50%
2 - 0% - 50%
Last Minute Offensive - 0:00
Last Minute Defensive - 0:00
Total
Forward - 60:00
Defense - 60:00
|
% Time on Ice - Detroit Red Wings
Lines # - Real PCT - Wanted PCT - Time Play
Normal Forward
1 - 32% - 35% - 15:20
2 - 30% - 35% - 14:33
3 - 24% - 20% - 11:24
4 - 15% - 10% - 7:08
Normal Defense
1 - 42% - 40% - 20:27
2 - 33% - 30% - 15:57
3 - 18% - 20% - 8:50
4 - 7% - 10% - 3:11
PP Forward
1 - 51% - 50% - 2:22
2 - 49% - 50% - 2:15
PP Defense
1 - 47% - 50% - 2:10
2 - 53% - 50% - 2:27
PK Forward
1 - 54% - 50% - 3:45
2 - 46% - 50% - 3:13
PK Defense
1 - 54% - 50% - 3:46
2 - 46% - 50% - 3:12
PK3 Forward
1 - 0% - 50%
2 - 0% - 50%
PK3 Defense
1 - 0% - 50%
2 - 0% - 50%
44 Forward
1 - 0% - 60%
2 - 0% - 40%
44 Defense
1 - 0% - 60%
2 - 0% - 40%
Last Minute Offensive - 0:00
Last Minute Defensive - 0:00
Total
Forward - 60:00
Defense - 60:00
|
Play-by-Play
1st period
0:01 of 1st period - Steven Stamkos wins face-off versus Tomas Hertl in neutral zone.
0:26 of 1st period - Zachary Werenski is hit by Ryan Pulock.
1:29 of 1st period - Snap shot by Sam Bennett.
1:29 of 1st period - Deflect By Scott Laughton.
1:29 of 1st period - Stopped by Calvin Pickard without a rebound.
1:30 of 1st period - Scott Laughton wins face-off versus Jared McCann in Detroit Red Wings zone.
1:31 of 1st period - Snap shot by Sam Bennett.
1:31 of 1st period - Shot Blocked by MacKenzie Weegar.
1:33 of 1st period - Slapshot by Cody Ceci.
1:33 of 1st period - Deflect By MacKenzie Weegar.
1:33 of 1st period - Stopped by Calvin Pickard with a rebound.
1:35 of 1st period - Snap shot by Sam Bennett.
1:35 of 1st period - Shot Blocked by MacKenzie Weegar.
1:43 of 1st period - Wrist shot by Scott Laughton.
1:43 of 1st period - Deflect By Brandon Saad.
1:43 of 1st period - Stopped by Calvin Pickard with a rebound.
1:45 of 1st period - Snap shot by Sam Bennett.
1:45 of 1st period - Shot Misses the Net.
1:55 of 1st period - Tomas Hertl is hit by MacKenzie Weegar and loses puck.
2:04 of 1st period - Snap shot by Mika Zibanejad.
2:04 of 1st period - Stopped by Cam Talbot without a rebound.
2:05 of 1st period - Raphael Lavoie wins face-off versus Nick Bjugstad in Toronto Maple Leafs zone.
2:20 of 1st period - Snap shot by Nick Bjugstad.
2:20 of 1st period - Stopped by Calvin Pickard without a rebound.
2:21 of 1st period - Matthew Boldy wins face-off versus Tomas Hertl in Detroit Red Wings zone.
2:28 of 1st period - Mika Zibanejad is hit by Brady Tkachuk and loses puck.
2:43 of 1st period - Minor Penalty to Brady Tkachuk for Delaying the game.
2:44 of 1st period - Nick Bjugstad wins face-off versus Steven Stamkos in Toronto Maple Leafs zone.
2:44 of 1st period - Nick Bjugstad is hit by Steven Stamkos.
2:54 of 1st period - Snap shot by Nicolas Roy.
2:54 of 1st period - Stopped by Calvin Pickard without a rebound.
2:55 of 1st period - Mika Zibanejad wins face-off versus Nick Bjugstad in Detroit Red Wings zone.
2:55 of 1st period - Mika Zibanejad is hit by Nicolas Roy.
3:07 of 1st period - Snap shot by Mika Zibanejad.
3:07 of 1st period - Goal by Mika Zibanejad - Toronto Maple Leafs : 0 - Detroit Red Wings : 1.
3:08 of 1st period - Steven Stamkos wins face-off versus Wyatt Johnston in neutral zone.
3:23 of 1st period - Snap shot by Troy Terry.
3:23 of 1st period - Stopped by Calvin Pickard without a rebound.
3:24 of 1st period - Mika Zibanejad wins face-off versus Nick Bjugstad in Detroit Red Wings zone.
3:29 of 1st period - Mario Ferraro is hit by Mika Zibanejad and loses puck.
3:38 of 1st period - Wrist shot by Nick Bjugstad.
3:38 of 1st period - Stopped by Calvin Pickard without a rebound.
3:39 of 1st period - Steven Stamkos wins face-off versus Wyatt Johnston in Detroit Red Wings zone.
4:14 of 1st period - Wrist shot by Mika Zibanejad.
4:14 of 1st period - Shot Blocked by Scott Laughton.
4:16 of 1st period - Slapshot by MacKenzie Weegar.
4:16 of 1st period - Shot Blocked by Sean Walker.
4:18 of 1st period - Slapshot by MacKenzie Weegar.
4:18 of 1st period - Shot Blocked by Scott Laughton.
4:20 of 1st period - Wrist shot by Matthew Boldy.
4:20 of 1st period - Shot Misses the Net.
4:38 of 1st period - Slapshot by Brady Tkachuk.
4:38 of 1st period - Stopped by Calvin Pickard with a rebound.
5:00 of 1st period - Snap shot by Nick Bjugstad.
5:00 of 1st period - Stopped by Calvin Pickard without a rebound.
5:01 of 1st period - Mika Zibanejad wins face-off versus Nick Bjugstad in Detroit Red Wings zone.
5:06 of 1st period - Shayne Gostisbehere is hit by Andrew Mangiapane.
5:36 of 1st period - Wrist shot by Wyatt Johnston.
5:36 of 1st period - Shot Misses the Net.
5:38 of 1st period - Snap shot by Quinton Byfield.
5:38 of 1st period - Stopped by Calvin Pickard with a rebound.
6:53 of 1st period - Jared McCann is hit by Wyatt Johnston and loses puck.
6:58 of 1st period - Backhand shot by Wyatt Johnston.
6:58 of 1st period - Shot Misses the Net.
7:23 of 1st period - Scott Laughton is hit by Raphael Lavoie and loses puck.
7:43 of 1st period - Wrist shot by Brady Tkachuk.
7:43 of 1st period - Stopped by Calvin Pickard without a rebound.
7:44 of 1st period - Mika Zibanejad wins face-off versus Wyatt Johnston in Detroit Red Wings zone.
8:19 of 1st period - Wrist shot by Brady Tkachuk.
8:19 of 1st period - Shot Misses the Net.
8:30 of 1st period - Icing by Jackson LaCombe.
8:31 of 1st period - Nick Bjugstad wins face-off versus Patrick Kane in Detroit Red Wings zone.
8:38 of 1st period - Jackson LaCombe is hit by Aaron Ekblad and loses puck.
9:05 of 1st period - Snap shot by Steven Stamkos.
9:05 of 1st period - Shot Misses the Net.
9:11 of 1st period - Slapshot by Steven Stamkos.
9:11 of 1st period - Shot Blocked by Aaron Ekblad.
9:13 of 1st period - Slapshot by Jackson LaCombe.
9:13 of 1st period - Deflect By Aaron Ekblad.
9:13 of 1st period - Stopped by Cam Talbot without a rebound.
9:14 of 1st period - Tomas Hertl wins face-off versus Mika Zibanejad in Toronto Maple Leafs zone.
9:20 of 1st period - Off-side.
9:21 of 1st period - Carter Verhaeghe wins face-off versus Tomas Hertl in neutral zone.
9:40 of 1st period - Wrist shot by Matthew Boldy.
9:40 of 1st period - Deflect By Carter Verhaeghe.
9:40 of 1st period - Shot Blocked by Cody Ceci.
9:40 of 1st period - Puck is out of play.
9:41 of 1st period - Raphael Lavoie wins face-off versus Nino Niederreiter in Toronto Maple Leafs zone.
9:46 of 1st period - Snap shot by Daniel Sprong.
9:46 of 1st period - Stopped by Cam Talbot with a rebound.
9:48 of 1st period - Wrist shot by Raphael Lavoie.
9:48 of 1st period - Shot Misses the Net.
9:50 of 1st period - Snap shot by MacKenzie Weegar.
9:50 of 1st period - Stopped by Cam Talbot without a rebound.
9:51 of 1st period - Raphael Lavoie wins face-off versus Nick Bjugstad in Toronto Maple Leafs zone.
10:14 of 1st period - Snap shot by Andrew Mangiapane.
10:14 of 1st period - Stopped by Calvin Pickard without a rebound.
10:15 of 1st period - Wyatt Johnston wins face-off versus Mika Zibanejad in Detroit Red Wings zone.
10:19 of 1st period - Snap shot by Wyatt Johnston.
10:19 of 1st period - Stopped by Calvin Pickard with a rebound.
10:21 of 1st period - Wrist shot by Wyatt Johnston.
10:21 of 1st period - Shot Blocked by Mika Zibanejad.
10:23 of 1st period - Wrist shot by Troy Terry.
10:23 of 1st period - Stopped by Calvin Pickard with a rebound.
10:25 of 1st period - Slapshot by Cody Ceci.
10:25 of 1st period - Shot Misses the Net.
10:27 of 1st period - Wrist shot by Quinton Byfield.
10:27 of 1st period - Shot Blocked by Mika Zibanejad.
10:29 of 1st period - Slapshot by Mario Ferraro.
10:29 of 1st period - Stopped by Calvin Pickard with a rebound.
11:15 of 1st period - Slapshot by MacKenzie Weegar.
11:15 of 1st period - Deflect By Brendan Gallagher.
11:15 of 1st period - Stopped by Cam Talbot with a rebound.
11:27 of 1st period - Backhand shot by Scott Laughton.
11:27 of 1st period - Stopped by Calvin Pickard without a rebound.
11:28 of 1st period - Daniel Sprong wins face-off versus Scott Laughton in Detroit Red Wings zone.
12:05 of 1st period - Shayne Gostisbehere is hit by Sam Bennett and loses puck.
12:16 of 1st period - Snap shot by Sam Bennett.
12:16 of 1st period - Shot Blocked by Raphael Lavoie.
12:30 of 1st period - Wrist shot by Sam Bennett.
12:30 of 1st period - Stopped by Calvin Pickard with a rebound.
12:32 of 1st period - Snap shot by Brandon Saad.
12:32 of 1st period - Stopped by Calvin Pickard with a rebound.
12:58 of 1st period - Snap shot by Scott Laughton.
12:58 of 1st period - Deflect By Brandon Saad.
12:58 of 1st period - Stopped by Calvin Pickard without a rebound.
12:59 of 1st period - Mika Zibanejad wins face-off versus Wyatt Johnston in Detroit Red Wings zone.
13:06 of 1st period - Wrist shot by Matthew Boldy.
13:06 of 1st period - Deflect By Wyatt Johnston.
13:06 of 1st period - Stopped by Cam Talbot with a rebound.
13:17 of 1st period - Minor Penalty to Matthew Boldy for High sticking.
13:18 of 1st period - Tomas Hertl wins face-off versus Mika Zibanejad in Detroit Red Wings zone.
13:18 of 1st period - Slapshot by Troy Terry.
13:18 of 1st period - Shot Blocked by MacKenzie Weegar.
13:44 of 1st period - Quinton Byfield is hit by Jared McCann and loses puck.
14:33 of 1st period - Shayne Gostisbehere is hit by Tomas Hertl.
15:15 of 1st period - Sean Walker is hit by Steven Stamkos and loses puck.
15:17 of 1st period - Penalty to Matthew Boldy is over, Matthew Boldy is back on ice.
15:22 of 1st period - Slapshot by Matthew Boldy.
15:22 of 1st period - Stopped by Cam Talbot without a rebound.
15:23 of 1st period - Nick Bjugstad wins face-off versus Raphael Lavoie in Toronto Maple Leafs zone.
15:30 of 1st period - Cody Ceci is hit by Raphael Lavoie and loses puck.
15:47 of 1st period - Nick Bjugstad is hit by Zach Bogosian and loses puck.
16:04 of 1st period - Mario Ferraro is hit by Jared McCann and loses puck.
17:24 of 1st period - Snap shot by Quinton Byfield.
17:24 of 1st period - Goal by Quinton Byfield - Toronto Maple Leafs : 1 - Detroit Red Wings : 1.
17:25 of 1st period - Mika Zibanejad wins face-off versus Tomas Hertl in neutral zone.
17:28 of 1st period - Snap shot by Matthew Boldy.
17:28 of 1st period - Shot Misses the Net.
17:30 of 1st period - Snap shot by Zachary Werenski.
17:30 of 1st period - Shot Misses the Net.
17:32 of 1st period - Slapshot by Mika Zibanejad.
17:32 of 1st period - Stopped by Cam Talbot with a rebound.
17:34 of 1st period - Wrist shot by Mika Zibanejad.
17:34 of 1st period - Deflect By Ryan Pulock.
17:34 of 1st period - Shot Misses the Net.
17:34 of 1st period - Puck is out of play.
17:35 of 1st period - Tomas Hertl wins face-off versus Mika Zibanejad in Toronto Maple Leafs zone.
17:42 of 1st period - Snap shot by Brady Tkachuk.
17:42 of 1st period - Deflect By Nicolas Roy.
17:42 of 1st period - Stopped by Calvin Pickard without a rebound.
17:43 of 1st period - Wyatt Johnston wins face-off versus Steven Stamkos in Detroit Red Wings zone.
17:52 of 1st period - Slapshot by MacKenzie Weegar.
17:52 of 1st period - Deflect By Steven Stamkos.
17:52 of 1st period - Shot Misses the Net.
17:52 of 1st period - Puck is out of play.
17:53 of 1st period - Wyatt Johnston wins face-off versus Steven Stamkos in Toronto Maple Leafs zone.
17:58 of 1st period - Snap shot by Quinton Byfield.
17:58 of 1st period - Stopped by Calvin Pickard with a rebound.
18:00 of 1st period - Slapshot by Aaron Ekblad.
18:00 of 1st period - Stopped by Calvin Pickard with a rebound.
18:06 of 1st period - Wrist shot by Quinton Byfield.
18:06 of 1st period - Stopped by Calvin Pickard with a rebound.
18:08 of 1st period - Snap shot by Wyatt Johnston.
18:08 of 1st period - Shot Misses the Net.
18:10 of 1st period - Slapshot by Troy Terry.
18:10 of 1st period - Deflect By Steven Stamkos.
18:10 of 1st period - Stopped by Calvin Pickard with a rebound.
18:32 of 1st period - Slapshot by Patrick Kane.
18:32 of 1st period - Stopped by Cam Talbot without a rebound.
18:33 of 1st period - Tomas Hertl wins face-off versus Mika Zibanejad in Toronto Maple Leafs zone.
18:42 of 1st period - Slapshot by Nicolas Roy.
18:42 of 1st period - Shot Blocked by Matthew Boldy.
18:44 of 1st period - Wrist shot by Nicolas Roy.
18:44 of 1st period - Shot Misses the Net.
18:46 of 1st period - Wrist shot by Nicolas Roy.
18:46 of 1st period - Shot Misses the Net.
19:02 of 1st period - Snap shot by Nino Niederreiter.
19:02 of 1st period - Deflect By Nick Bjugstad.
19:02 of 1st period - Stopped by Calvin Pickard without a rebound.
19:03 of 1st period - Brendan Gallagher wins face-off versus Nino Niederreiter in Detroit Red Wings zone.
19:17 of 1st period - Keegan Kolesar and Mario Ferraro fight to a draw.
19:17 of 1st period - Penalty to Keegan Kolesar for Fighting.
19:17 of 1st period - Penalty to Mario Ferraro for Fighting.
19:18 of 1st period - Mika Zibanejad wins face-off versus Brady Tkachuk in Toronto Maple Leafs zone.
19:21 of 1st period - Snap shot by Matthew Boldy.
19:21 of 1st period - Goal by Matthew Boldy - Toronto Maple Leafs : 1 - Detroit Red Wings : 2.
19:22 of 1st period - Tomas Hertl wins face-off versus Mika Zibanejad in neutral zone.
19:25 of 1st period - MacKenzie Weegar is hit by Aaron Ekblad and loses puck.
Goals for this period are 1 for Toronto Maple Leafs vs 2 for Detroit Red Wings.
Shots for this period are 26 for Toronto Maple Leafs vs 11 for Detroit Red Wings.
2nd period
0:01 of 2nd period - Tomas Hertl wins face-off versus Jared McCann in neutral zone.
0:43 of 2nd period - Matthew Boldy is hit by Cody Ceci and loses puck.
1:40 of 2nd period - Slapshot by Zachary Werenski.
1:40 of 2nd period - Shot Hit the Post.
1:48 of 2nd period - Snap shot by Daniel Sprong.
1:48 of 2nd period - Stopped by Cam Talbot without a rebound.
1:49 of 2nd period - Tomas Hertl wins face-off versus Steven Stamkos in Toronto Maple Leafs zone.
2:02 of 2nd period - Wrist shot by Steven Stamkos.
2:02 of 2nd period - Shot Misses the Net.
2:14 of 2nd period - Brendan Gallagher is hit by Dougie Hamilton.
2:40 of 2nd period - Slapshot by Zachary Werenski.
2:40 of 2nd period - Shot Blocked by Sam Bennett.
2:54 of 2nd period - MacKenzie Weegar is hit by Sean Walker and loses puck.
3:05 of 2nd period - Wrist shot by Nick Bjugstad.
3:05 of 2nd period - Stopped by Calvin Pickard with a rebound.
3:15 of 2nd period - Jared McCann is hit by Quinton Byfield and loses puck.
3:32 of 2nd period - Wrist shot by Jared McCann.
3:32 of 2nd period - Deflect By Brady Tkachuk.
3:32 of 2nd period - Stopped by Cam Talbot without a rebound.
3:33 of 2nd period - Mika Zibanejad wins face-off versus Tomas Hertl in Toronto Maple Leafs zone.
3:36 of 2nd period - Snap shot by Carter Verhaeghe.
3:36 of 2nd period - Stopped by Cam Talbot with a rebound.
3:50 of 2nd period - Snap shot by Mika Zibanejad.
3:50 of 2nd period - Stopped by Cam Talbot with a rebound.
4:01 of 2nd period - Snap shot by Brady Tkachuk.
4:01 of 2nd period - Stopped by Calvin Pickard with a rebound.
4:13 of 2nd period - Snap shot by Carter Verhaeghe.
4:13 of 2nd period - Deflect By Matthew Boldy.
4:13 of 2nd period - Shot Misses the Net.
4:13 of 2nd period - Puck is out of play.
4:14 of 2nd period - Kevin Stenlund wins face-off versus Wyatt Johnston in Toronto Maple Leafs zone.
4:42 of 2nd period - Minor Penalty to Jared McCann for Slashing.
4:43 of 2nd period - Mika Zibanejad wins face-off versus Brady Tkachuk in Detroit Red Wings zone.
5:39 of 2nd period - Wrist shot by Tomas Hertl.
5:39 of 2nd period - Shot Misses the Net.
5:41 of 2nd period - Slapshot by Troy Terry.
5:41 of 2nd period - Shot Misses the Net.
5:43 of 2nd period - Slapshot by Tomas Hertl.
5:43 of 2nd period - Goal by Tomas Hertl - Toronto Maple Leafs : 2 - Detroit Red Wings : 2.
5:44 of 2nd period - Nick Bjugstad wins face-off versus Raphael Lavoie in neutral zone.
6:29 of 2nd period - Wrist shot by Troy Terry.
6:29 of 2nd period - Stopped by Calvin Pickard with a rebound.
6:31 of 2nd period - Slapshot by Ryan Pulock.
6:31 of 2nd period - Shot Misses the Net.
6:33 of 2nd period - Slapshot by Troy Terry.
6:33 of 2nd period - Shot Blocked by Mika Zibanejad.
6:35 of 2nd period - Wrist shot by Aaron Ekblad.
6:35 of 2nd period - Shot Blocked by Matthew Boldy.
6:41 of 2nd period - Minor Penalty to Zach Bogosian for Holding.
6:42 of 2nd period - Kevin Stenlund wins face-off versus Wyatt Johnston in Detroit Red Wings zone.
7:11 of 2nd period - Keegan Kolesar is hit by Dougie Hamilton and loses puck.
7:24 of 2nd period - Snap shot by Brady Tkachuk.
7:24 of 2nd period - Deflect By Troy Terry.
7:24 of 2nd period - Shot Misses the Net.
7:24 of 2nd period - Puck is out of play.
7:25 of 2nd period - Mika Zibanejad wins face-off versus Tomas Hertl in Detroit Red Wings zone.
8:41 of 2nd period - Penalty to Zach Bogosian is over, Zach Bogosian is back on ice.
8:41 of 2nd period - Jackson LaCombe is hit by Wyatt Johnston and loses puck.
8:47 of 2nd period - Icing by Mika Zibanejad.
8:48 of 2nd period - Mika Zibanejad wins face-off versus Nicolas Roy in Detroit Red Wings zone.
9:28 of 2nd period - Snap shot by Brady Tkachuk.
9:28 of 2nd period - Deflect By Jared McCann.
9:28 of 2nd period - Stopped by Calvin Pickard with a rebound.
9:42 of 2nd period - Slapshot by Brady Tkachuk.
9:42 of 2nd period - Stopped by Calvin Pickard without a rebound.
9:43 of 2nd period - Troy Terry wins face-off versus Daniel Sprong in Detroit Red Wings zone.
10:08 of 2nd period - Slapshot by Zachary Werenski.
10:08 of 2nd period - Stopped by Cam Talbot without a rebound.
10:09 of 2nd period - Brendan Gallagher wins face-off versus Nino Niederreiter in Toronto Maple Leafs zone.
10:12 of 2nd period - Backhand shot by Brendan Gallagher.
10:12 of 2nd period - Shot Misses the Net.
10:42 of 2nd period - Snap shot by Wyatt Johnston.
10:42 of 2nd period - Shot Blocked by Zachary Werenski.
10:44 of 2nd period - Slapshot by Dougie Hamilton.
10:44 of 2nd period - Shot Misses the Net.
11:00 of 2nd period - Snap shot by Daniel Sprong.
11:00 of 2nd period - Stopped by Cam Talbot without a rebound.
11:01 of 2nd period - Raphael Lavoie wins face-off versus Nick Bjugstad in Toronto Maple Leafs zone.
11:08 of 2nd period - Snap shot by Daniel Sprong.
11:08 of 2nd period - Stopped by Cam Talbot without a rebound.
11:09 of 2nd period - Nick Bjugstad wins face-off versus Daniel Sprong in Toronto Maple Leafs zone.
11:11 of 2nd period - Minor Penalty to Mario Ferraro for Tripping.
11:12 of 2nd period - Scott Laughton wins face-off versus Patrick Kane in Toronto Maple Leafs zone.
11:20 of 2nd period - Snap shot by Patrick Kane.
11:20 of 2nd period - Shot Misses the Net.
11:26 of 2nd period - Wrist shot by Jared McCann.
11:26 of 2nd period - Shot Misses the Net.
11:28 of 2nd period - Snap shot by Jared McCann.
11:28 of 2nd period - Stopped by Cam Talbot with a rebound.
11:47 of 2nd period - Snap shot by Carter Verhaeghe.
11:47 of 2nd period - Shot Misses the Net.
11:49 of 2nd period - Wrist shot by MacKenzie Weegar.
11:49 of 2nd period - Deflect By Matthew Boldy.
11:49 of 2nd period - Shot Misses the Net.
11:49 of 2nd period - Puck is out of play.
11:50 of 2nd period - Steven Stamkos wins face-off versus Scott Laughton in Toronto Maple Leafs zone.
12:29 of 2nd period - Wrist shot by Carter Verhaeghe.
12:29 of 2nd period - Stopped by Cam Talbot with a rebound.
13:11 of 2nd period - Penalty to Mario Ferraro is over, Mario Ferraro is back on ice.
13:17 of 2nd period - Wrist shot by Daniel Sprong.
13:17 of 2nd period - Shot Misses the Net.
13:19 of 2nd period - Slapshot by Raphael Lavoie.
13:19 of 2nd period - Shot Hit the Post.
14:30 of 2nd period - Minor Penalty to Nicolas Roy for High sticking.
14:31 of 2nd period - Mika Zibanejad wins face-off versus Scott Laughton in Toronto Maple Leafs zone.
14:38 of 2nd period - Wrist shot by Matthew Boldy.
14:38 of 2nd period - Goal by Matthew Boldy - Toronto Maple Leafs : 2 - Detroit Red Wings : 3.
14:39 of 2nd period - Mika Zibanejad wins face-off versus Wyatt Johnston in neutral zone.
14:50 of 2nd period - Wrist shot by Matthew Boldy.
14:50 of 2nd period - Stopped by Cam Talbot without a rebound.
14:51 of 2nd period - Tomas Hertl wins face-off versus Mika Zibanejad in Toronto Maple Leafs zone.
15:18 of 2nd period - Troy Terry is hit by Jared McCann and loses puck.
15:23 of 2nd period - Snap shot by Patrick Kane.
15:23 of 2nd period - Stopped by Cam Talbot without a rebound.
15:24 of 2nd period - Steven Stamkos wins face-off versus Wyatt Johnston in Toronto Maple Leafs zone.
16:16 of 2nd period - Icing by Shayne Gostisbehere.
16:17 of 2nd period - Nick Bjugstad wins face-off versus Raphael Lavoie in Detroit Red Wings zone.
16:22 of 2nd period - Snap shot by Nick Bjugstad.
16:22 of 2nd period - Shot Blocked by Zach Bogosian.
16:40 of 2nd period - Snap shot by Daniel Sprong.
16:40 of 2nd period - Shot Misses the Net.
16:42 of 2nd period - Slapshot by Shayne Gostisbehere.
16:42 of 2nd period - Stopped by Cam Talbot without a rebound.
16:43 of 2nd period - Mika Zibanejad wins face-off versus Tomas Hertl in Toronto Maple Leafs zone.
16:50 of 2nd period - Slapshot by Mika Zibanejad.
16:50 of 2nd period - Shot Misses the Net.
16:52 of 2nd period - Slapshot by MacKenzie Weegar.
16:52 of 2nd period - Shot Blocked by Dougie Hamilton.
16:54 of 2nd period - Snap shot by Matthew Boldy.
16:54 of 2nd period - Stopped by Cam Talbot without a rebound.
16:55 of 2nd period - Mika Zibanejad wins face-off versus Tomas Hertl in Toronto Maple Leafs zone.
17:49 of 2nd period - Wrist shot by Christian Fischer.
17:49 of 2nd period - Stopped by Cam Talbot without a rebound.
17:50 of 2nd period - Matthew Boldy wins face-off versus Brady Tkachuk in Toronto Maple Leafs zone.
18:17 of 2nd period - Carter Verhaeghe is hit by Nino Niederreiter.
18:38 of 2nd period - Minor Penalty to Andrew Mangiapane for Goalie Interference.
18:39 of 2nd period - Steven Stamkos wins face-off versus Scott Laughton in Toronto Maple Leafs zone.
18:39 of 2nd period - Wrist shot by Jared McCann.
18:39 of 2nd period - Shot Misses the Net.
18:41 of 2nd period - Slapshot by Shayne Gostisbehere.
18:41 of 2nd period - Shot Misses the Net.
18:45 of 2nd period - Snap shot by Steven Stamkos.
18:45 of 2nd period - Goal by Steven Stamkos - Toronto Maple Leafs : 2 - Detroit Red Wings : 4.
18:46 of 2nd period - Wyatt Johnston wins face-off versus Steven Stamkos in neutral zone.
19:17 of 2nd period - Snap shot by Steven Stamkos.
19:17 of 2nd period - Stopped by Cam Talbot without a rebound.
19:18 of 2nd period - Tomas Hertl wins face-off versus Mika Zibanejad in Toronto Maple Leafs zone.
19:23 of 2nd period - Snap shot by Matthew Boldy.
19:23 of 2nd period - Shot Misses the Net.
Goals for this period are 1 for Toronto Maple Leafs vs 2 for Detroit Red Wings.
Shots for this period are 6 for Toronto Maple Leafs vs 17 for Detroit Red Wings.
3rd period
0:01 of 3rd period - Nick Bjugstad wins face-off versus Mika Zibanejad in neutral zone.
0:51 of 3rd period - Scott Laughton is hit by Daniel Sprong and loses puck.
2:49 of 3rd period - Off-side.
2:50 of 3rd period - Carter Verhaeghe wins face-off versus Quinton Byfield in neutral zone.
2:55 of 3rd period - Backhand shot by Matthew Boldy.
2:55 of 3rd period - Stopped by Cam Talbot without a rebound.
2:56 of 3rd period - Mika Zibanejad wins face-off versus Wyatt Johnston in Toronto Maple Leafs zone.
2:59 of 3rd period - Snap shot by Matthew Boldy.
2:59 of 3rd period - Goal by Matthew Boldy - Toronto Maple Leafs : 2 - Detroit Red Wings : 5.
3:00 of 3rd period - Steven Stamkos wins face-off versus Tomas Hertl in neutral zone.
3:05 of 3rd period - Slapshot by Steven Stamkos.
3:05 of 3rd period - Shot Blocked by Dougie Hamilton.
3:15 of 3rd period - Snap shot by Jared McCann.
3:15 of 3rd period - Shot Misses the Net.
4:49 of 3rd period - Icing by Mario Ferraro.
4:50 of 3rd period - Mika Zibanejad wins face-off versus Wyatt Johnston in Toronto Maple Leafs zone.
4:51 of 3rd period - Snap shot by Carter Verhaeghe.
4:51 of 3rd period - Shot Misses the Net.
4:53 of 3rd period - Snap shot by Carter Verhaeghe.
4:53 of 3rd period - Shot Misses the Net.
4:55 of 3rd period - Slapshot by Zachary Werenski.
4:55 of 3rd period - Shot Blocked by Quinton Byfield.
5:07 of 3rd period - Wrist shot by Matthew Boldy.
5:07 of 3rd period - Deflect By Carter Verhaeghe.
5:07 of 3rd period - Shot Misses the Net.
5:07 of 3rd period - Puck is out of play.
5:08 of 3rd period - Nick Bjugstad wins face-off versus Jared McCann in Toronto Maple Leafs zone.
5:40 of 3rd period - Snap shot by Matthew Boldy.
5:40 of 3rd period - Shot Misses the Net.
5:42 of 3rd period - Snap shot by Matthew Boldy.
5:42 of 3rd period - Shot Misses the Net.
5:44 of 3rd period - Slapshot by Zachary Werenski.
5:44 of 3rd period - Stopped by Cam Talbot without a rebound.
5:45 of 3rd period - Mika Zibanejad wins face-off versus Tomas Hertl in Toronto Maple Leafs zone.
5:56 of 3rd period - Backhand shot by Cody Ceci.
5:56 of 3rd period - Shot Blocked by Matthew Boldy.
5:58 of 3rd period - Snap shot by Brady Tkachuk.
5:58 of 3rd period - Stopped by Calvin Pickard with a rebound.
6:00 of 3rd period - Slapshot by Brady Tkachuk.
6:00 of 3rd period - Stopped by Calvin Pickard without a rebound.
6:01 of 3rd period - Steven Stamkos wins face-off versus Nick Bjugstad in Detroit Red Wings zone.
6:08 of 3rd period - Wrist shot by Steven Stamkos.
6:08 of 3rd period - Stopped by Cam Talbot without a rebound.
6:09 of 3rd period - Nick Bjugstad wins face-off versus Patrick Kane in Toronto Maple Leafs zone.
6:34 of 3rd period - Snap shot by Nick Bjugstad.
6:34 of 3rd period - Stopped by Calvin Pickard with a rebound.
6:48 of 3rd period - Slapshot by MacKenzie Weegar.
6:48 of 3rd period - Shot Blocked by Sean Walker.
6:56 of 3rd period - Wrist shot by Andrew Mangiapane.
6:56 of 3rd period - Shot Hit the Post.
6:58 of 3rd period - Snap shot by Nick Bjugstad.
6:58 of 3rd period - Deflect By Andrew Mangiapane.
6:58 of 3rd period - Shot Misses the Net.
6:58 of 3rd period - Puck is out of play.
6:59 of 3rd period - Matthew Boldy wins face-off versus Wyatt Johnston in Detroit Red Wings zone.
7:28 of 3rd period - Daniel Sprong is hit by Nicolas Roy and loses puck.
7:47 of 3rd period - Zach Bogosian is hit by Scott Laughton and loses puck.
8:06 of 3rd period - Shayne Gostisbehere is hit by Mario Ferraro and loses puck.
8:15 of 3rd period - Minor Penalty to Matthew Boldy for Interference.
8:16 of 3rd period - Kevin Stenlund wins face-off versus Wyatt Johnston in Detroit Red Wings zone.
9:13 of 3rd period - Sean Walker is hit by Jared McCann and loses puck.
10:15 of 3rd period - Penalty to Matthew Boldy is over, Matthew Boldy is back on ice.
10:35 of 3rd period - Snap shot by Mika Zibanejad.
10:35 of 3rd period - Stopped by Cam Talbot with a rebound.
11:29 of 3rd period - Andrew Mangiapane is hit by Matthew Boldy and loses puck.
11:33 of 3rd period - Icing by Aaron Ekblad.
11:34 of 3rd period - Andrew Mangiapane wins face-off versus Raphael Lavoie in Toronto Maple Leafs zone.
11:49 of 3rd period - Aaron Ekblad is hit by Christian Fischer and loses puck.
12:35 of 3rd period - Icing by Christian Fischer.
12:36 of 3rd period - Troy Terry wins face-off versus Raphael Lavoie in Detroit Red Wings zone.
12:41 of 3rd period - Snap shot by Troy Terry.
12:41 of 3rd period - Shot Misses the Net.
12:56 of 3rd period - Minor Penalty to Cody Ceci for High sticking.
12:57 of 3rd period - Mika Zibanejad wins face-off versus Nick Bjugstad in Toronto Maple Leafs zone.
13:05 of 3rd period - Ryan Pulock is hit by Matthew Boldy and loses puck.
13:20 of 3rd period - Scott Laughton is hit by Steven Stamkos and loses puck.
13:49 of 3rd period - Carter Verhaeghe is hit by Scott Laughton and loses puck.
14:56 of 3rd period - Penalty to Cody Ceci is over, Cody Ceci is back on ice.
15:55 of 3rd period - Icing by Brendan Gallagher.
15:56 of 3rd period - Kevin Stenlund wins face-off versus Scott Laughton in Detroit Red Wings zone.
16:28 of 3rd period - Scott Laughton is hit by Zach Bogosian and loses puck.
16:37 of 3rd period - Jared McCann is hit by Sam Bennett.
16:41 of 3rd period - Wrist shot by Steven Stamkos.
16:41 of 3rd period - Stopped by Cam Talbot without a rebound.
16:42 of 3rd period - Nick Bjugstad wins face-off versus Mika Zibanejad in Toronto Maple Leafs zone.
17:11 of 3rd period - Snap shot by Keegan Kolesar.
17:11 of 3rd period - Deflect By Brendan Gallagher.
17:11 of 3rd period - Shot Blocked by Dougie Hamilton.
17:11 of 3rd period - Puck is out of play.
17:12 of 3rd period - Kevin Stenlund wins face-off versus Troy Terry in Toronto Maple Leafs zone.
17:37 of 3rd period - MacKenzie Weegar is hit by Nick Bjugstad and loses puck.
17:44 of 3rd period - Snap shot by Nino Niederreiter.
17:44 of 3rd period - Stopped by Calvin Pickard without a rebound.
17:45 of 3rd period - Nick Bjugstad wins face-off versus Mika Zibanejad in Detroit Red Wings zone.
17:48 of 3rd period - Snap shot by Andrew Mangiapane.
17:48 of 3rd period - Stopped by Calvin Pickard without a rebound.
17:49 of 3rd period - Nick Bjugstad wins face-off versus Mika Zibanejad in Detroit Red Wings zone.
17:52 of 3rd period - Snap shot by Nick Bjugstad.
17:52 of 3rd period - Stopped by Calvin Pickard with a rebound.
17:54 of 3rd period - Slapshot by Dougie Hamilton.
17:54 of 3rd period - Shot Blocked by Jackson LaCombe.
17:56 of 3rd period - Snap shot by Nick Bjugstad.
17:56 of 3rd period - Stopped by Calvin Pickard with a rebound.
17:58 of 3rd period - Slapshot by Nino Niederreiter.
17:58 of 3rd period - Deflect By Nick Bjugstad.
17:58 of 3rd period - Shot Blocked by Kevin Shattenkirk.
17:58 of 3rd period - Puck is out of play.
17:59 of 3rd period - Wyatt Johnston wins face-off versus Mika Zibanejad in Detroit Red Wings zone.
18:04 of 3rd period - Snap shot by Wyatt Johnston.
18:04 of 3rd period - Stopped by Calvin Pickard with a rebound.
18:56 of 3rd period - Backhand shot by Christian Fischer.
18:56 of 3rd period - Shot Misses the Net.
18:58 of 3rd period - Wrist shot by Kevin Shattenkirk.
18:58 of 3rd period - Shot Blocked by Quinton Byfield.
19:00 of 3rd period - Slapshot by Kevin Shattenkirk.
19:00 of 3rd period - Deflect By Daniel Sprong.
19:00 of 3rd period - Stopped by Cam Talbot without a rebound.
19:01 of 3rd period - Nick Bjugstad wins face-off versus Mika Zibanejad in Toronto Maple Leafs zone.
19:26 of 3rd period - Sean Walker is hit by Patrick Kane and loses puck.
19:51 of 3rd period - Slapshot by Shayne Gostisbehere.
19:51 of 3rd period - Stopped by Cam Talbot with a rebound.
19:55 of 3rd period - Snap shot by Brendan Gallagher.
19:55 of 3rd period - Stopped by Cam Talbot without a rebound.
19:56 of 3rd period - Mika Zibanejad wins face-off versus Nick Bjugstad in Toronto Maple Leafs zone.
Goals for this period are 0 for Toronto Maple Leafs vs 1 for Detroit Red Wings.
Shots for this period are 8 for Toronto Maple Leafs vs 9 for Detroit Red Wings.
Back to the Top